 Dungeon Crawl Stone Soup version 0.28-a0-1594-ga885d4b3d6 (webtiles) character file.

Game seed: 17532806356895238837

147 porpoise the Magician (level 5, -6/40 HPs)
             Began as a Djinni Conjurer on Jan 21, 2022.
             Killed by divine providence
             ... invoked by an orc priest
              (13 damage)
             ... on level 4 of the Dungeon.
             The game lasted 00:07:35 (3456 turns).

porpoise the Magician (Djinni Conjurer)             Turns: 3456, Time: 00:07:36

Health: -6/40      AC:  2    Str:  8    XL:     5   Next: 55%
Gold:   76         EV: 12    Int: 19    God:
                   SH:  0    Dex: 12

rFire   + + .      SeeInvis .   b - +0 hunting sling (flame)
rCold   x . .      Faith    .   (no shield)
rNeg    . . .      Spirit   .   s - +0 robe
rPois   ∞          Reflect  .   (no helmet)
rElec   .          Harm     .   (no cloak)
rCorr   .          Rampage  .   (no gloves)
Will    .....                   (boots unavailable)
Stlth   ++........              i - amulet of the acrobat
HPRegen 0.13/turn               (no ring)
MPRegen 0.00/turn               (no ring)

@: flying
A: sickness immunity, fire resistance 2, cold vulnerability 1, float, innate
caster, hp casting, extra vitality 1
a: no special abilities


You were on level 4 of the Dungeon.
You visited 1 branch of the dungeon, and saw 4 of its levels.

You collected 76 gold pieces.

Inventory:

Hand Weapons
 a - a +0 dagger of protection
 b - a +0 hunting sling of flaming (weapon)
Missiles
 d - 128 stones (quivered ammo)
 f - 29 sling bullets
 g - 4 poisoned darts
 p - 21 bolts
 u - 5 javelins
 x - 30 arrows
Armour
 s - a +0 robe (worn)
Jewellery
 i - an amulet of the acrobat (around neck)
 t - an amulet of faith
Scrolls
 e - 2 scrolls of fear {unknown}
 m - a scroll of teleportation {unknown}
 n - a scroll of brand weapon {unknown}
 o - a scroll of magic mapping {unknown}
 q - 2 scrolls of identify {unknown}
 r - a scroll of noise {unknown}
 w - a scroll of holy word {unknown}
Potions
 c - a potion of brilliance {unknown}
 h - 3 potions of curing {unknown}
 j - 2 potions of haste {unknown}
 k - a potion of degeneration {unknown}
 l - a potion of lignification {unknown}
 v - a potion of cancellation {unknown}


   Skills:
 * Level 2.9 Fighting
 - Level 2.1 Dodging
 + Level 2.4 Stealth
 * Level 4.0 Spellcasting


You couldn't memorise any spells.
You knew the following spells:

 Your Spells              Type           Power      Damage    Failure   Level
a - Magic Dart            Conj           76%        1d6       2%          1
b - Searing Ray           Conj           38%        2d5       3%          2
c - Fulminant Prism       Conj/Hex       9%         3d7       26%         4
d - Iskenderun's Mystic   Conj/Tloc      19%        2d6       26%         4
s - Scorch                Fire           38%        2d7       3%          2
x - Beastly Appendage     Tmut           38%        N/A       2%          1
z - Dazzling Flash        Conj/Hex       38%        N/A       8%          3
Your spell library was empty.

Dungeon Overview and Level Annotations

Branches:
Dungeon (4/15)
 Temple: D:4-7

Altars:
Hepliaklqana

Annotations:
D:4 Sigmund


Innate Abilities, Weirdness & Mutations

You are immune to sickness and miasma.
You are immune to poison.
Your flesh is very heat resistant. (rF++)
You are vulnerable to cold. (rC-)
You float through the air rather than walking.
You learn spells naturally, not from books.
Your magical power is your life essence.
You have superior vitality. (+4 MHP)


Message History

The orc shouts!
Casting: Magic Dart (safe; 2% risk of failure)
Confirm with . or Enter, or press ? or * to list all spells.
You can't see any susceptible monsters within range! (Use Z to cast anyway.)
Casting: Magic Dart (safe; 2% risk of failure)
Confirm with . or Enter, or press ? or * to list all spells.
Aiming: Searing Ray (safe; 4% risk of failure)
Press: ? - help, Shift-Dir - straight line, f - orc warrior
Aim: an orc warrior, wielding a +0 flail of protection and wearing a +0 plate armour (78% to hit)
The searing ray misses the orc warrior.
The searing ray hits the orc!
You kill the orc! (Press . to maintain the ray.) Sigmund the Dreaded comes into view.
He is wielding a +0 scythe.
The searing ray hits the orc warrior but does no damage.
An orc priest comes into view. It is wielding a +0 short sword.
The orc warrior hits you with a +0 flail of protection!
The searing ray hits the orc warrior but does no damage.
The searing ray hits the orc.
The orc is almost dead.
Sigmund gestures wildly while chanting.
Sigmund flickers and vanishes!
Deactivating autopickup; reactivate with Ctrl-A.
The orc warrior completely misses you.
The searing ray hits the orc warrior but does no damage.
The searing ray hits the orc.
You kill the orc!
The searing ray hits the orc priest!
The orc priest is heavily wounded.
You finish channelling your searing ray.
The orc warrior hits you with a +0 flail of protection!!
* * * LOW HITPOINT WARNING * * *
Casting: Searing Ray (safe; 3% risk of failure)
Confirm with . or Enter, or press ? or * to list all spells.
Casting: Dazzling Flash (dangerous; 8% risk of failure)
Press: ? - help, Dir - look around, f - activate The orc warrior is dazzled.
* * * LOW HITPOINT WARNING * * *
The orc priest mumbles some strange prayers to Beogh against you.
Beogh smites you!
You die...

# #......# ####......#
#.. ..........# ..#
.###..†...# #{.
.#####.#### #o#
.##....# #o#
.##.##.####### #.#####
.##.##.......# #o....#
..........##.###@#.#
.##.###......##)...#
#.....#.......#..#
.##.##..#.##.##....#
..........##.##...[....
######.......#####.#.##
#...####.# .....
#........# .#....
#...###### .#..#.


You could see an orc warrior (blind), an orc priest and an orc.

Vanquished Creatures
  An orc wizard (D:3)
  2 hound skeletons
  3 adders
  An adder zombie (D:3)
  A dart slug (D:4)
  7 orcs
  4 endoplasms
  2 giant cockroaches (D:1)
  6 goblins
  7 hobgoblins
  4 jackals (D:2)
  3 quokkas
  6 ball pythons
  A ball python zombie (D:3)
  4 bats
  A frilled lizard (D:2)
  4 kobolds
  3 rats
60 creatures vanquished.

Vanquished Creatures (others)
  A withered plant (D:3)
1 creature vanquished.

Grand Total: 61 creatures vanquished

Notes
Turn   | Place    | Note
-------+----------+-------------------------------------------
     0 | D:1      | porpoise the Djinni Conjurer began the quest for the Orb.
     0 | D:1      | Reached XP level 1. HP: 15/15 MP: 0/0
   137 | D:1      | Reached XP level 2. HP: 20/22 MP: 0/0
   310 | D:1      | Reached skill level 1 in Fighting
   964 | D:2      | Reached XP level 3. HP: 24/27 MP: 0/0
   964 | D:2      | Learned a level 1 spell: Beastly Appendage
  1598 | D:2      | Reached XP level 4. HP: 27/33 MP: 0/0
  2784 | D:3      | Reached XP level 5. HP: 37/39 MP: 0/0
  2784 | D:3      | Learned a level 2 spell: Scorch
  3196 | D:3      | Reached skill level 4 in Spellcasting
  3223 | D:3      | Found a faded altar of an unknown god.
  3295 | D:4      | Found a hazy altar of Hepliaklqana.
  3449 | D:4      | Noticed an orc warrior
  3452 | D:4      | Noticed Sigmund
  3456 | D:4      | Killed from afar by an orc priest

Illustrated notes

Levels and vault maps discovered:
D:1:      dpeg_arrival_ternary, layout_loops_ring, grunt_decor_fettered,
          hangedman_decor_peaks_small
D:2:      layout_loops_cross, minmay_tree_intersection
D:3:      layout_loops_corners, serial_undead, serial_undead_e, serial_undead_a,
          serial_undead_e, serial_undead_d,
          dreamdust_ecumenical_altar_hidden_monk_grotto
D:4:      layout_loops_cross, mainiacjoe_overflow_paths,
          hangedman_abyss_or_decor_passed, uniq_sigmund

Skill      XL: |  1  2  3  4  5 |
---------------+----------------+-----
Fighting       | 1 2 |  2.9
Stealth        | 2 |  2.4
Spellcasting   | 4 |  4.0
Dodging        | |  2.1

Action                   |  1- 3 |  4- 6 || total
-------------------------+-------+-------++-------
Melee: Dagger            |     1 |       ||     1
 Fire: Hunting sling     |    12 |    16 ||    28
 Cast: Magic Dart        |    29 |    17 ||    46
       Searing Ray       |     6 |    11 ||    17
       Dazzling Flash    |       |     1 ||     1
       Scorch            |       |     1 ||     1
 Stab: Sleeping          |     1 |       ||     1
Armor: Robe              |       |     4 ||     4
Dodge: Dodged            |     4 |     8 ||    12

Table legend: (Time is in decaauts)
 A = Elapsed time spent in this place.
 B = Non-inter-level travel time spent in this place.
 C = Inter-level travel time spent in this place.
 D = Time resting spent in this place.
 E = Time spent auto-exploring this place.
 F = Levels seen in this place.
 G = Mean time per level.
                   A        B        C        D        E       F      G
               +--------+--------+--------+--------+--------+-----+--------+
         Total |   3458 |   3358 |    100 |   1110 |   1915 |   4 |  864.5 |
       Dungeon |   3458 |   3358 |    100 |   1110 |   1915 |   4 |  864.5 |
               +--------+--------+--------+--------+--------+-----+--------+

Top non-repeatable levels by time:
     D:3: 1470 daAuts
     D:2: 974 daAuts
     D:1: 830 daAuts
     D:4: 181 daAuts
